Map: Blackpink LE

Players

HeRoMaRinE - Winner!

  • Race: Terran Terran
  • Spawn Location: 7:00

Cham

  • Race: Zerg Zerg
  • Spawn Location: 1:00

Event: WCS Leipzig 2018

VOD

Have the link to the VOD?

Description

Time

  • Played on: Jan. 26, 2018, 1:33 p.m.
  • Length: 14:39

All games in this series

Show
View Real Time Build Order
Export as new Build Order

HeRoMaRinE Terran - Winner!

Build Orders: Gas First Reaper Expand, Liberator Opening, Reaper Expand, Bio Tank 

Get SALT Encoding   

  12  0:00  SCV  
  13  0:12  SCV  
  14  0:17  Supply Depot  
  14  0:25  SCV  
  14  0:28  Refinery  
  15  0:38  SCV  
  16  0:44  Barracks  
  16  0:50  SCV  
  17  1:03  SCV  
  18  1:15  SCV  
  19  1:31  Orbital Command, Reaper  
  20  1:42  Command Center  
  20  1:53  Factory  
  20  1:56  SCV  
  21  2:06  Barracks Reactor  
  21  2:08  SCV  
  21  2:13  Supply Depot  
  22  2:16  Refinery  
  22  2:21  SCV  
  23  2:35  SCV  
  24  2:42  Starport  
  24  2:47  SCV  
  24  2:48  Hellion x2  
  24  2:50  Barracks Tech Lab  
  29  2:53  Orbital Command  
  29  2:59  SCV  
  30  3:09  Hellion x2  
  30  3:12  SCV  
  35  3:19  SCV  
  36  3:20  Viking  
  36  3:24  SCV  
  39  3:28  Stimpack  
  39  3:29  Marine  
  39  3:33  SCV  
  41  3:36  SCV  
  41  3:41  Supply Depot  
  42  3:45  Liberator  
  42  3:46  SCV  
  43  3:48  SCV  
  44  3:58  SCV  
  44  4:01  SCV  
  49  4:09  Command Center  
  49  4:11  SCV  
  49  4:13  SCV, Marine  
  52  4:21  Barracks  
  52  4:23  Factory Reactor, Barracks  
  52  4:27  SCV x2  
  52  4:28  Supply Depot  
  54  4:37  Engineering Bay x2  
  54  4:49  SCV x2, Marine  
  54  4:51  Starport Reactor  
  57  4:54  Refinery, Supply Depot  
  57  4:55  Refinery  
  57  5:01  SCV x2  
  57  5:04  Terran Infantry Weapons Level 1, Terran Infantry Armor Level 1  
  57  5:07  Marine  
  59  5:10  Marine  
  59  5:11  Factory Tech Lab, Marine  
  62  5:15  SCV x2  
  64  5:22  Supply Depot, Orbital Command  
  64  5:24  Marine  
  64  5:25  Marine  
  64  5:26  Marine  
  64  5:27  SCV x2  
  69  5:29  Marine  
  69  5:30  Marine  
  64  5:40  SCV x2  
  64  5:42  Marine  
  64  5:43  Marine x2  
  64  5:44  Medivac  
  64  5:47  Medivac, Marine  
  64  5:49  Combat Shields  
  72  5:52  SCV x2  
  72  5:55  SCV  
  72  5:56  Marine  
  76  6:00  Marine  
  76  6:04  SCV x2  
  79  6:07  SCV  
  79  6:10  Siege Tank  
  79  6:11  Barracks x2  
  83  6:14  Supply Depot  
  83  6:16  SCV x2  
  85  6:19  SCV  
  85  6:20  Marine x2  
  85  6:22  Marine x2  
  85  6:23  Marine  
  91  6:28  SCV x2  
  91  6:32  Supply Depot  
  93  6:35  SCV  
  93  6:36  Armory  
  93  6:37  Supply Depot  
  94  6:40  SCV x2, Factory, Marine x2  
  94  6:43  Marine  
  94  6:46  Marine  
  100  6:47  SCV  
  100  6:53  SCV, Siege Tank  
  105  6:55  Supply Depot  
  105  6:57  SCV  
  105  6:58  Marine  
  105  6:59  Marine, Barracks Reactor x2  
  105  7:00  SCV  
  105  7:01  Supply Depot  
  108  7:03  Marine x2  
  108  7:05  SCV  
  111  7:09  Marine  
  111  7:14  Refinery  
  111  7:15  Refinery  
  112  7:16  Marine x2  
  112  7:17  SCV  
  112  7:21  Marine x2  
  117  7:25  Siege Tank  
  117  7:26  Medivac x2  
  117  7:27  Marine  
  126  7:30  SCV  
  126  7:31  Factory Tech Lab  
  126  7:34  Marine x2  
  126  7:36  Supply Depot  
  128  7:37  Marine x2  
  128  7:38  Supply Depot  
  128  7:39  Marine x2  
  128  7:40  Marine  
  133  7:47  Supply Depot  
  133  7:58  Marine x5, Siege Tank  
  141  7:59  Medivac x2, Marine, Siege Tank  
  141  8:05  Marine x2  
  147  8:09  Marine  
  147  8:12  Supply Depot  
  149  8:15  Marine x5  
  149  8:17  Command Center  
  144  8:23  Marine  
  144  8:24  Marine x2  
  145  8:28  Marine  
  145  8:30  Terran Infantry Weapons Level 2, Barracks x2, Siege Tank  
  145  8:32  Barracks  
  145  8:33  Marine  
  142  8:36  Terran Infantry Armor Level 2  
  142  8:41  Siege Tank  
  133  8:43  Marine  
  133  8:45  Marine x3  
  137  8:52  Marine x2  
  137  8:53  Marine  
  137  8:54  Marine  
  129  9:01  Marine  
  129  9:02  Marine, Siege Tank  
  133  9:07  SCV x2  
  133  9:09  SCV  
  135  9:10  Marine  
  135  9:11  Marine  
  135  9:13  Siege Tank  
  133  9:17  Marine x2  
  133  9:19  SCV, Marine  
  130  9:24  Marine  
  130  9:25  Barracks Tech Lab x2  
  130  9:29  Planetary Fortress  
  130  9:31  SCV x2  
  127  9:32  SCV  
  127  9:34  Marine x2, Siege Tank  
  127  9:36  Marine  
  126  9:39  Marine x2  
  126  9:40  Marine  
  126  9:44  Marine x2  
  126  9:45  Siege Tank  
  131  9:46  Barracks Tech Lab  
  131  9:47  Marine x2  
  131  9:48  Medivac  
  131  9:49  Medivac  
  131  9:51  Terran Vehicle Weapons Level 1  
  134  9:56  Marauder, Marine x2  
  138  10:01  Liberator x2  
  138  10:03  Marine x2  
  138  10:04  Marine x2  
  138  10:05  Marauder, Marine x2  
  138  10:06  Marauder x2, Siege Tank  
  148  10:11  Refinery  
  148  10:12  Refinery  
  146  10:14  Marine x2  
  146  10:17  Siege Tank  
  146  10:18  Marauder  
  144  10:21  Marine x2  
  144  10:22  Marine x2  
  144  10:24  Marine x2  
  144  10:27  Marauder x3  
  146  10:32  SCV x4, Marine x2  
  152  10:38  Concussive Shells  
  152  10:39  Marine x2, Marauder  
  152  10:40  Marine x2  
  152  10:42  Marine x2  
  160  10:48  Siege Tank, Marauder x3, Ghost Academy  
  160  10:49  Siege Tank  
  172  10:50  Marine x2  
  172  10:54  Terran Infantry Weapons Level 3  
  172  10:57  Marine x3  
  174  10:58  Marine  
  174  11:00  Supply Depot  
  174  11:01  Medivac x2  
  174  11:02  Supply Depot  
  182  11:06  Marauder  
  182  11:07  Marine x2  
  182  11:10  Marine x2  
  182  11:11  Marine  
  163  11:15  Marauder, Marine x2  
  163  11:16  Terran Infantry Armor Level 3, Marine  
  163  11:17  Marine  
  163  11:18  Marine  
  153  11:25  Marine x2  
  140  11:26  Marine  
  140  11:27  Marine  
  140  11:29  Marauder  
  140  11:30  Siege Tank  
  140  11:32  Siege Tank  
  150  11:35  Medivac x2  
  150  11:36  Marine x3  
  150  11:37  Marine x2  
  159  11:40  Marauder  
  159  11:42  Marauder  
  159  11:45  Marauder  
  165  11:48  Marine x3  
  165  11:51  Marauder  
  170  11:58  Marine  
  170  11:59  Marine x2  
  168  12:01  Marauder  
  168  12:03  Marauder  
  168  12:06  Marauder  
  168  12:07  Marine x3  
  168  12:08  Marine  
  175  12:09  SCV  
  175  12:10  SCV x2  
  175  12:12  SCV, Marine, Marauder  
  174  12:16  Marine  
  174  12:21  Medivac x2  
  159  12:23  SCV x2  
  159  12:24  SCV x2  
  159  12:25  Marine, Marauder x2  
  159  12:26  Marine x2  
  156  12:30  Marine x3  
  156  12:32  Marine x2  
  156  12:35  Siege Tank  
  164  12:41  Marauder  
  164  12:42  Marine  
  164  12:43  Marine  
  164  12:44  Marine x2  
  165  12:46  Marine x2  
  165  12:48  Marine x2  
  165  12:50  Siege Tank  
  171  12:52  Marine, Marauder, Sensor Tower  
  171  12:53  Marine  
  171  12:58  Medivac x2  
  179  13:00  Marine  
  179  13:04  Marauder x2  
  179  13:05  Marine x3  
  187  13:07  Marine  
  187  13:08  Marauder  
  187  13:09  Marine  
  187  13:10  Marine  
  192  13:14  Siege Tank  
  192  13:17  Marauder  
  192  13:18  Marine  
  192  13:19  Marine  
  199  13:22  Marine  
  199  13:23  Marine x2  
  199  13:25  Ghost  
  199  13:27  Marauder, Marine x2  
  192  13:35  Marauder  
  192  13:37  Marine x2  
  192  13:38  Marauder  
  192  13:39  Marine  
  178  13:44  Siege Tank  
  178  13:48  Marauder  
  174  13:49  Siege Tank  
  174  13:50  Marine x2  
  174  13:52  Marine x2  
  174  13:54  Marine x2, Marauder  
  174  13:55  Marine  
  185  13:56  Marauder  
  185  13:59  Medivac x2  
  192  14:05  Marauder, Marine  
  192  14:08  Marine x2  
  192  14:09  Marauder  
  190  14:10  Marine x2  
  190  14:12  Marine x2  
  190  14:13  Marine  
  190  14:15  Marine  
  174  14:17  Marine  
Show
View Real Time Build Order
Export as new Build Order

Cham Zerg 

Build Orders: Hatch First 

Get SALT Encoding   

  12  0:01  Drone  
  13  0:10  Drone  
  14  0:18  Overlord  
  14  0:36  Drone x3  
  17  0:55  Hatchery  
  16  0:58  Drone  
  16  1:00  Drone  
  18  1:09  Extractor  
  17  1:17  Spawning Pool  
  16  1:20  Drone  
  16  1:23  Drone  
  18  1:30  Drone  
  19  2:01  Overlord  
  19  2:04  Queen  
  19  2:06  Queen  
  19  2:07  Zergling x6  
  26  2:09  Metabolic Boost  
  26  2:14  Drone  
  27  2:17  Drone  
  28  2:24  Drone  
  29  2:34  Drone  
  30  2:42  Queen  
  32  2:46  Overlord  
  32  2:47  Drone x2  
  32  2:50  Drone  
  35  3:00  Overlord  
  35  3:01  Drone  
  36  3:07  Drone  
  36  3:12  Overlord  
  37  3:13  Drone x3  
  37  3:17  Drone  
  37  3:18  Drone x2  
  43  3:25  Hatchery  
  42  3:31  Drone x2  
  44  3:36  Queen  
  44  3:39  Queen  
  48  3:43  Zergling x2  
  48  3:44  Zergling x2  
  48  3:46  Zergling x2  
  51  3:49  Zergling x4  
  51  3:51  Drone  
  51  3:52  Drone  
  51  3:54  Drone  
  56  4:00  Overlord  
  56  4:04  Overlord  
  56  4:07  Overlord  
  56  4:14  Overlord  
  56  4:18  Queen  
  56  4:20  Drone  
  56  4:21  Drone  
  56  4:22  Overlord  
  56  4:24  Drone x3  
  63  4:28  Drone  
  64  4:32  Drone  
  64  4:35  Evolution Chamber  
  64  4:37  Drone x2  
  64  4:38  Evolution Chamber  
  65  4:40  Drone  
  66  4:48  Overlord  
  66  4:49  Drone x3  
  66  4:50  Drone x2  
  66  4:52  Drone x2  
  73  4:56  Drone  
  73  4:58  Drone  
  75  5:02  Zerg Ground Armor Level 1  
  75  5:03  Zerg Missile Weapons Level 1  
  75  5:07  Extractor x3  
  75  5:11  Drone x4  
  75  5:13  Extractor  
  75  5:14  Extractor  
  75  5:18  Drone  
  75  5:20  Drone x2  
  75  5:21  Drone  
  78  5:24  Drone x2  
  74  5:28  Drone  
  70  5:36  Drone x3  
  70  5:40  Drone  
  70  5:41  Drone x3  
  70  5:42  Drone  
  78  5:44  Lair, Overlord x2  
  78  5:46  Baneling Nest  
  78  5:49  Drone x3  
  80  5:57  Drone x2  
  82  5:58  Overlord x2  
  82  6:02  Drone  
  83  6:05  Hatchery  
  83  6:10  Zergling x12  
  88  6:13  Zergling x2  
  89  6:19  Drone x3  
  92  6:26  Overlord  
  92  6:29  Baneling x4  
  92  6:30  Baneling x4, Zergling x2  
  92  6:31  Zergling x8  
  98  6:40  Drone  
  98  6:42  Centrifical Hooks, Hydralisk Den  
  98  6:43  Drone x4  
  98  6:44  Drone  
  102  6:48  Drone x3  
  102  6:53  Drone  
  102  6:54  Drone x2  
  104  7:02  Drone x2  
  104  7:03  Drone, Overlord x2  
  104  7:04  Baneling  
  104  7:05  Baneling  
  106  7:21  Queen  
  97  7:23  Drone x2  
  97  7:24  Drone  
  97  7:26  Hydralisk x3, Muscular Augments  
  105  7:30  Hydralisk x2  
  105  7:32  Hydralisk x4  
  105  7:35  Hydralisk  
  105  7:37  Hydralisk  
  119  7:46  Drone x3  
  119  7:47  Drone  
  119  7:49  Drone x2  
  122  7:52  Queen  
  122  7:53  Zerg Ground Armor Level 2  
  122  7:54  Zerg Melee Weapons Level 1  
  122  7:56  Hydralisk  
  122  8:04  Zergling x4, Hydralisk  
  122  8:05  Zergling x2, Extractor  
  125  8:10  Drone x2  
  125  8:11  Drone  
  125  8:12  Overlord x2  
  127  8:15  Hydralisk  
  127  8:16  Hydralisk  
  127  8:17  Overlord  
  126  8:23  Baneling  
  126  8:24  Baneling x2, Overlord x2  
  126  8:28  Baneling  
  126  8:29  Baneling, Zergling x2  
  126  8:30  Zergling x4  
  126  8:32  Zergling x4  
  129  8:37  Zergling x8  
  129  8:40  Zergling x2, Hatchery  
  126  8:43  Zergling x4  
  126  8:46  Zergling x2  
  123  8:50  Hydralisk  
  123  8:51  Hydralisk x2  
  123  8:52  Hydralisk x4  
  109  8:58  Hydralisk x2  
  109  8:59  Hydralisk x2  
  116  9:05  Hydralisk  
  116  9:06  Hydralisk  
  116  9:07  Queen  
  116  9:08  Drone, Hydralisk  
  125  9:16  Hydralisk  
  121  9:17  Hydralisk  
  121  9:23  Hydralisk x2  
  116  9:24  Zergling x6  
  116  9:26  Hydralisk  
  113  9:32  Hydralisk x2  
  113  9:37  Hydralisk x3  
  119  9:38  Zergling x2  
  119  9:39  Zergling x2  
  119  9:40  Zergling x2  
  119  9:42  Zergling x2  
  119  9:43  Baneling x4  
  119  9:44  Zergling x2  
  120  9:48  Zergling x4  
  120  9:49  Zergling x2  
  120  9:51  Baneling x2, Zergling x2  
  124  9:54  Zergling x4  
  124  9:56  Zergling x2  
  123  10:03  Zergling x4  
  123  10:04  Zergling x4  
  120  10:09  Baneling x2  
  111  10:14  Hydralisk x3  
  111  10:15  Zergling x6  
  111  10:19  Hydralisk x3  
  115  10:23  Hydralisk x2  
  115  10:24  Hydralisk  
  115  10:26  Queen  
  115  10:28  Hydralisk  
  114  10:29  Zergling x6  
  114  10:35  Baneling x4  
  119  10:36  Baneling x5, Zergling x4  
  119  10:37  Zergling x2  
  119  10:39  Zergling x2  
  119  10:42  Baneling  
  123  10:43  Baneling x3, Zergling x4  
  123  10:45  Zergling x2  
  126  10:52  Zergling x2  
  126  10:53  Zergling x6  
  126  10:55  Zergling x2  
  131  10:57  Zergling x2  
  131  11:00  Zergling x2  
  131  11:01  Zergling x2  
  131  11:02  Zergling x2, Overlord  
  136  11:04  Zergling x6  
  136  11:10  Hydralisk x2  
  127  11:11  Zergling x2  
  127  11:12  Hydralisk x2  
  127  11:13  Hydralisk  
  127  11:14  Hydralisk x2  
  127  11:15  Zergling x2  
  130  11:19  Hydralisk x2  
  130  11:23  Hydralisk x2  
  131  11:26  Zerg Melee Weapons Level 2  
  131  11:28  Zergling x4  
  131  11:29  Zergling x2  
  131  11:31  Zergling x6  
  136  11:33  Zerg Missile Weapons Level 2  
  136  11:39  Zergling x6  
  139  11:41  Zergling x2  
  139  11:44  Zergling x4  
  139  11:45  Zergling x4  
  144  11:47  Zergling x4  
  144  11:48  Baneling x4  
  144  11:49  Baneling  
  144  11:50  Baneling x2  
  144  11:51  Baneling  
  144  11:52  Baneling x2  
  144  11:53  Zergling x4  
  148  11:54  Zergling x2  
  148  11:56  Zergling x2  
  148  11:59  Zergling x2  
  148  12:01  Zergling x4  
  151  12:02  Baneling x9  
  151  12:03  Zergling x8  
  151  12:04  Zergling x2  
  151  12:05  Zergling x4  
  153  12:10  Zergling x6  
  153  12:11  Baneling  
  153  12:12  Baneling x2  
  153  12:13  Zergling x2  
  153  12:14  Zergling x4  
  149  12:20  Drone x3  
  131  12:26  Drone x4  
  131  12:28  Hydralisk x2  
  131  12:29  Zergling x6  
  132  12:36  Drone x4  
  135  12:37  Drone x2  
  135  12:38  Drone  
  135  12:43  Drone x2  
  137  12:52  Hatchery  
  136  12:59  Baneling x5  
  136  13:06  Zergling x16  
  136  13:09  Zergling x2  
  136  13:10  Zergling x4  
  136  13:11  Zergling x2  
  148  13:14  Zergling x2  
  148  13:17  Zergling x4  
  148  13:19  Zergling x2  
  153  13:20  Zergling x2  
  153  13:26  Zergling x8  
  156  13:28  Baneling  
  156  13:29  Baneling x2, Zergling x2  
  148  13:37  Zergling x4  
  148  13:38  Zergling x4  
  148  13:40  Hydralisk x4  
  147  13:44  Zergling x2  
  147  13:48  Zergling x2  
  143  13:50  Zergling x2  
  143  13:51  Zergling x2  
  144  13:58  Baneling x5  
  144  13:59  Zergling x4  
  144  14:00  Zergling x4  
  148  14:05  Zergling x2  
  148  14:07  Zergling x2  
  139  14:13  Zergling x6  
  139  14:15  Zergling x2  
  117  14:18  Zergling x2  
Tags
 
Add a new tag
Caveats
  • Supply blocks, unpowered buildings, or Contaminate may cause inaccurate times.
  • Supply counts are checked every 10 seconds.